 Dungeon Crawl Stone Soup version 0.30.0-5-g1a98f26d00 (webtiles) character file.

Game seed: 7789212105489676591

4 SnakkuSnakku7 the Grasshopper (level 1, 0/18 HPs)
             Began as an Armataur Warper on May 8, 2023.
             Slain by a rat (2 damage)
             ... on level 1 of the Dungeon.
             The game lasted 00:00:17 (36 turns).

SnakkuSnakku7 the Grasshopper (Armataur Warper)       Turns: 36, Time: 00:00:17

Health: 0/18       AC:  4    Str: 16    XL:     1   Next: 50%
Magic:  3/3        EV:  9    Int: 13    God:
Gold:   10         SH:  0    Dex:  9    Spells: 3/3 levels left

rFire   . . .        a - +0 hand axe
rCold   . . .        (no shield)
rNeg    . . .        b - +0 leather armour
rPois   .            (no helmet)
rElec   .            (no cloak)
rCorr   .            (no gloves)
SInv    .            (no barding)
Will    .....        (no amulet)
Stlth   +            (no ring)
HPRegen 0.23/turn    (no ring)
MPRegen 0.08/turn

%: roll
@: attractive
A: large, rugged brown scales 3, deformed body, armoured tail, roll, long
tongue, awkward tongue
a: no special abilities


You were on level 1 of the Dungeon.
You visited 1 branch of the dungeon, and saw 1 of its levels.

You collected 10 gold pieces.

Inventory:

Hand Weapons
 a - a +0 hand axe (weapon)
Missiles
 d - 7 boomerangs of dispersal (quivered)
Armour
 b - a +0 leather armour (worn)
Scrolls
 c - a scroll of blinking


   Skills:
 + Level 2.0 Fighting
 + Level 1.7 Axes
 - Level 0.8 Throwing
 - Level 1.2 Armour
 - Level 1.3 Dodging
 - Level 1.7 Spellcasting
 - Level 3.0 Translocations


You had 3 spell levels left.
You didn't know any spells.
Your spell library contained the following spells:

 Spells                   Type           Power      Damage    Failure   Level
 Blink                    Tloc           16%        N/A       14%         2
 Lesser Beckoning         Tloc           16%        N/A       14%         2
 Teleport Other           Tloc           8%         N/A       28%         3
 Vhi's Electric Charge    Tloc/Air       10%        N/A       45%         3
 Manifold Assault         Tloc           8%         N/A       67%         4


Dungeon Overview and Level Annotations

Branches:
Dungeon (1/15)

Altars:


Innate Abilities, Weirdness & Mutations

You are completely covered in rugged brown scales. (AC +3, +7% HP)
Armour fits poorly on your strangely shaped body.
You have a long armoured tail.
You roll when moving toward enemies. (Rampage)
Your long tongue fully drains potion bottles. (2x potion effects)
Your tongue gives you trouble enunciating. (1.5x scroll delay)


Message History

You kill the kobold!
Unknown command.
Unknown command.
You roll towards the kobold!
Found 2 poisoned darts.
The kobold hits you with a +0 short sword.
You completely miss the rat. You closely miss the quokka. You miss the kobold.
The quokka bites you but does no damage.
The kobold barely misses you. The rat barely misses you. The quokka bites you.
The rat barely misses you.
The kobold hits you with a +0 short sword.
Unknown command.
You are too injured to fight recklessly!
You are too injured to fight recklessly!
Unknown command.
You closely miss the kobold. You tail-slap the kobold.
You kill the kobold!
You closely miss the quokka. You barely miss the rat.
You barely miss the quokka. The quokka barely misses you. x2
The quokka bites you but does no damage.
The rat misses you.
Your Fighting skill increases to level 2!
You closely miss the rat. You closely miss the quokka. You hit the quokka.
The quokka bites you.
* * * LOW HITPOINT WARNING * * *
The quokka bites you.
* * * LOW HITPOINT WARNING * * *
The rat bites you but does no damage. The quokka bites you.
* * * LOW HITPOINT WARNING * * *
Unknown command.
Blink to where?
Press: ? - help, Dir - move target As you slowly read the scroll of blinking, it crumbles to dust.
e - a sapphire potion It was a potion of attraction.
You feel attractive to monsters.
You slurp down every last drop of the potion of attraction!
The quokka is attracted toward you. The rat is attracted toward you.
The quokka is attracted toward you. The rat bites you.
You die...

#.......#.......... #.....
#....)..#..........
#.....##.......#..........
#...........)..#..........
#....................<....
........§#####..........
#....§..# #..........
#....r..## #..........
+...rr@..# #..........
#......^.# #..........
#........# #.8..8.8..8
########+# #.......÷÷.


You could see 2 quokkas and a rat.

Vanquished Creatures
  A dart slug (D:1)
  2 kobolds (D:1)
3 creatures vanquished.

Notes
Turn   | Place    | Note
-------+----------+-------------------------------------------
     0 | D:1      | SnakkuSnakku7 the Armataur Warper began the quest for the
                  | Orb.
     0 | D:1      | Reached XP level 1. HP: 18/18 MP: 3/3
    36 | D:1      | Slain by a rat

Illustrated notes

Levels and vault maps discovered:
D:1:      giann_forest_graveyard, layout_basic

Skill      XL: |  1 |
---------------+----+-----
Fighting       | 2 |  2.0
Axes           | |  1.7
Throwing       | |  0.8
Armour         | |  1.2
Dodging        | |  1.3
Spellcasting   | |  1.7
Translocations | |  3.0

Action                     || total
---------------------------++-------
  Melee: Hand axe          ||     6
         Tailslap          ||     1
    Use: Scroll            ||     1
         Potion            ||     1
 Armour: Leather armour    ||     5
  Dodge: Dodged            ||     6
